 Dungeon Crawl Stone Soup version 0.22-a0-185-ge330310 (webtiles) character file.

5683 4thArraOfDagon the Cleaver (level 10, -4/68 HPs)
             Began as an Octopode Enchanter on Feb 15, 2018.
             Was an Elder of Cheibriados.
             Slain by a two-headed ogre
             ... wielding a +0 giant club
              (18 damage)
             ... on level 10 of the Dungeon.
             The game lasted 00:27:19 (6535 turns).

4thArraOfDagon the Cleaver (Octopode Enchanter)     Turns: 6535, Time: 00:27:19

Health: -4/68      AC:  3    Str: 21    XL:     10   Next: 75%
Magic:  0/16       EV: 22    Int: 30    God:    Cheibriados [****..]
Gold:   581        SH:  0    Dex: 22    Spells: 12/18 levels left

rFire    + . .     SeeInvis .   k - +1 hand axe (elec)
rCold    . . .     Gourm    .   (no shield)
rNeg     + . .     Faith    .   (helmet restricted)
rPois    .         Spirit   +   a - amulet of guardian spirit
rElec    .         Reflect  .   j - ring of positive energy
rCorr    .         Harm     .   m - ring of protection from fire
MR       .....                  (no ring)
Stlth    ++++......             (no ring)
HPRegen  0.21/turn              (no ring)
MPRegen  0.15/turn              (no ring)
                                (no ring)
                                (no ring)

@: mighty, very slow
A: almost no armour, stealthy swim, amphibious, 8 rings, constrict 8, repulsion
field 1, molten scales 1, camouflage 1, blurry vision 1, gelatinous body 1
a: Bend Time, Temporal Distortion, Slouch, Renounce Religion


You were on level 10 of the Dungeon.
You worshipped Cheibriados.
Cheibriados was greatly pleased with you.
You were hungry.

You visited 1 branch of the dungeon, and saw 11 of its levels.

You collected 581 gold pieces.

Inventory:

Hand Weapons
 k - a +1 hand axe of electrocution (weapon)
Armour
 p - a +3 large shield
Magical Staves
 g - an uncursed staff of power {!a}
Jewellery
 a - an amulet of guardian spirit (around mantle)
 j - a ring of positive energy (left tentacle)
 m - a ring of protection from fire (right tentacle)
Wands
 v - a wand of acid (4)
Scrolls
 e - a scroll of amnesia
 o - 3 scrolls of identify
 q - 7 scrolls of remove curse
 r - a scroll of noise
 s - a scroll of blinking
 u - a scroll of enchant armour
 x - 2 scrolls of fear {unknown}
Potions
 d - 2 potions of brilliance
 h - 3 potions of curing
 i - a potion of mutation
 n - a potion of cancellation
Books
 b - a book of Maledictions

   Spells                             Type                      Level
   a - Corona                         Hexes                        1
   b - Ensorcelled Hibernation        Hexes/Ice                    2
   c - Confuse                        Hexes                        3
   d - Tukima's Dance                 Hexes                        3
   e - Dazzling Spray                 Conjuration/Hexes            3
 f - a book of Battle

   Spells                             Type                      Level
   a - Infusion                       Charms                       1
   b - Shroud of Golubria             Charms/Translocation         2
   c - Song of Slaying                Charms                       2
   d - Spectral Weapon                Hexes/Charms                 3
   e - Regeneration                   Charms/Necromancy            3
 l - a book of Misfortune

   Spells                             Type                      Level
   a - Confusing Touch                Hexes                        1
   b - Confuse                        Hexes                        3
   c - Gell's Gravitas                Translocation                3
   d - Petrify                        Transmutation/Earth          4
   e - Metabolic Englaciation         Hexes/Ice                    5
   f - Yara's Violent Unravelling     Hexes/Transmutation          5
Comestibles
 c - 18 rations


   Skills:
 - Level 6.0 Fighting
   Level 2.3 Short Blades
 * Level 10.6 Axes
 + Level 7.9 Dodging
 - Level 4.0 Stealth
 + Level 4.6 Spellcasting
 - Level 3.0 Hexes
 - Level 3.0 Invocations


You had 12 spell levels left.
You knew the following spells:

 Your Spells              Type           Power        Failure   Level  Hunger
a - Corona                Hex            ###....      1%          1    None
b - Ensorcelled Hibernat  Hex/Ice        ###...       4%          2    None
c - Confuse               Hex            ###.....     5%          3    #......


Dungeon Overview and Level Annotations

Branches:
Dungeon (11/15)            Temple (0/1) D:4
   Lair: D:8-11         Orc: D:9-12

Altars:
Ashenzari
Cheibriados
Dithmenos
Elyvilon
Fedhas
Gozag
Hepliaklqana
Okawaru
Ru
Wu Jian
Xom
Yredelemnul
The Shining One

Shops:
D:8 :   D:10 !([

Annotations:
D:4 exclusion: oklob sapling


Innate Abilities, Weirdness & Mutations

You cannot wear most types of armour.
You are very stealthy in the water. (Stealth+)
You are amphibious.
You can wear up to eight rings at the same time.
You can use your tentacles to constrict eight enemies at once.
Your skin changes colour to match your surroundings (Stealth+).
Your rubbery body absorbs attacks. (AC +1, EV +1)
You are surrounded by a mild repulsion field. (EV +2)
You are partially covered in molten scales. (AC +2)
Scrolls take you a little longer to read.


Message History

Unknown command.
You feel much better.
The two-headed ogre completely misses you.
The two-headed ogre misses you.
Unknown command.
You closely miss the two-headed ogre.
Your squeeze misses the two-headed ogre.
The two-headed ogre hits you with a giant club!!
* * * LOW HITPOINT WARNING * * *
The two-headed ogre closely misses you.
Unknown command.
You hit the two-headed ogre.
The two-headed ogre is lightly wounded.
Unknown command.
Unknown command.
You slash the two-headed ogre!
Lightning courses through the two-headed ogre!
The two-headed ogre is heavily wounded.
The two-headed ogre hits you with a giant club!!
You die...

.∩.# #.......#.#
#### #.......#.#
####[####.# #)# #.#
#)## #.# ###.# #.#
#∩#.# #.# #. .###
#O#.# #.# ###. ....#
#@#.# #.# .... ....
# #...# #.# #
..###..# .## ###.#
#.# ###..#..# #..###
#.# #.#
.##.....##.....###.#
#.#
...................#
#.# #.........# ..#
..# #.. ##..._...##
#..# ...
#.........##...# #.


You could see a two-headed ogre.

Vanquished Creatures
  A two-headed ogre (D:8)
  An unseen horror (D:10)
  A yak (D:7)
  A human (D:7)
  Menkaure (D:5)
  Duvessa (D:5)
  3 black bears
  A sky beast (D:10)
  3 orc warriors
  3 ice beasts
  An eye of draining (D:10)
  4 ogres
  2 phantoms
  2 centaurs
  A big kobold (D:8)
  2 bullfrogs
  A wyvern zombie (D:7)
  A wyvern skeleton (D:7)
  3 scorpions
  Dowan (D:5)
  10 killer bees
  8 wights
  3 howler monkeys
  A centaur zombie (D:5)
  A crimson imp (D:7)
  A bullfrog zombie (D:6)
  2 jellies
  Crazy Yiuf (D:5)
  4 orc priests
  A hound (D:8)
  6 orc wizards
  4 iguanas
  5 worker ants
  A killer bee zombie (D:6)
  8 gnolls
  A howler monkey skeleton (D:7)
  9 adders
  4 shadow imps
  An adder zombie (D:5)
  A dart slug (D:2)
  3 leopard geckos
  26 orcs
  3 ball pythons
  9 giant cockroaches
  4 goblins
  3 hobgoblins
  5 jackals
  10 kobolds
  A quokka (D:7)
  3 bats (D:2)
  14 frilled lizards
  A giant cockroach zombie (D:5)
  2 gnoll zombies (D:6)
  5 rats
195 creatures vanquished.

Vanquished Creatures (others)
  An orc (D:8)
1 creature vanquished.

Grand Total: 196 creatures vanquished

Notes
Turn   | Place    | Note
-------+----------+-------------------------------------------
     0 | D:1      | 4thArraOfDagon the Octopode Enchanter began the quest for the Orb.
     0 | D:1      | Reached XP level 1. HP: 11/11 MP: 3/3
   168 | D:2      | Found a shattered altar of Ashenzari.
   169 | D:2      | Found a blossoming altar of Fedhas.
   169 | D:2      | Found a sacrificial altar of Ru.
   170 | D:2      | Found an iron altar of Okawaru.
   181 | D:2      | Found a snail-covered altar of Cheibriados.
   183 | D:2      | Became a worshipper of Cheibriados the Contemplative
   196 | D:2      | Reached XP level 2. HP: 7/17 MP: 5/5
   217 | D:2      | Learned a level 2 spell: Ensorcelled Hibernation
   235 | D:2      | Found an opulent altar of Gozag.
   451 | D:1      | Reached * piety under Cheibriados
   692 | D:2      | Reached XP level 3. HP: 18/22 MP: 6/6
   735 | D:2      | Reached skill level 1 in Axes
   915 | D:2      | Learned a level 3 spell: Confuse
  1372 | D:3      | Reached skill level 1 in Invocations
  1372 | D:3      | Reached XP level 4. HP: 26/27 MP: 5/7
  1407 | D:3      | Reached ** piety under Cheibriados
  1508 | D:3      | Reached skill level 1 in Fighting
  1550 | D:4      | Found a staircase to the Ecumenical Temple.
  1830 | D:4      | Reached skill level 2 in Axes
  2026 | D:5      | Entered Level 5 of the Dungeon
  2093 | D:5      | Reached XP level 5. HP: 29/33 MP: 4/8
  2227 | D:5      | Gained mutation: Scrolls take you a little longer to read. [potion of mutation]
  2227 | D:5      | Gained mutation: You are surrounded by a mild repulsion field. (EV +2) [potion of mutation]
  2227 | D:5      | Gained mutation: You are partially covered in molten scales. (AC +2) [potion of mutation]
  2257 | D:5      | Found a basalt altar of Yredelemnul.
  2295 | D:5      | Found a runed door.
  2299 | D:5      | Noticed Crazy Yiuf
  2309 | D:5      | Killed Crazy Yiuf
  2404 | D:5      | Noticed Dowan
  2414 | D:5      | Killed Dowan
  2414 | D:5      | Reached skill level 3 in Axes
  2414 | D:5      | Reached XP level 6. HP: 31/39 MP: 9/9
  2478 | D:5      | Noticed Menkaure
  2494 | D:5      | Killed Menkaure
  2556 | D:6      | Noticed a black bear
  2562 | D:6      | Killed a black bear
  2562 | D:6      | Reached *** piety under Cheibriados
  2562 | D:6      | Reached skill level 4 in Axes
  2562 | D:6      | Reached XP level 7. HP: 25/45 MP: 4/10
  2630 | D:6      | Found a shimmering altar of Xom.
  2680 | D:7      | Found an ornate altar of the Wu Jian Council.
  2810 | D:6      | Found a blossoming altar of Fedhas.
  2837 | D:5      | Noticed Prince Ribbit
  2838 | D:5      | Noticed Prince Ribbit
  2838 | D:5      | Prince Ribbit changed into Prince Ribbit the ogre
  2892 | D:6      | Reached skill level 5 in Axes
  3005 | D:6      | Found a basalt altar of Yredelemnul.
  3039 | D:6      | Reached XP level 8. HP: 53/53 MP: 6/11
  3161 | D:7      | Found a white marble altar of Elyvilon.
  3277 | D:7      | Reached skill level 6 in Axes
  3311 | D:7      | Noticed a yak
  3324 | D:7      | Killed a yak
  3324 | D:7      | Reached skill level 5 in Dodging
  3361 | D:8      | Found Woxitoq's Book Shoppe.
  3388 | D:7      | HP: 4/81 [centaur (4)]
  3391 | D:7      | Reached skill level 7 in Axes
  3393 | D:7      | HP: 2/81 [wight/enchanted great sword (3)]
  3401 | D:7      | Reached XP level 9. HP: 4/60 MP: 1/12
  3402 | D:7      | Reached skill level 5 in Fighting
  3585 | D:7      | Reached **** piety under Cheibriados
  3694 | D:5      | Noticed Duvessa
  3701 | D:5      | Killed Duvessa
  4172 | D:7      | Reached skill level 8 in Axes
  4639 | D:8      | Noticed a two-headed ogre
  4761 | D:8      | Found a glowing golden altar of the Shining One.
  4890 | D:8      | Found a hazy altar of Hepliaklqana.
  5015 | D:8      | Killed a two-headed ogre
  5015 | D:8      | Reached skill level 9 in Axes
  5015 | D:8      | Reached XP level 10. HP: 58/68 MP: 2/15
  5089 | D:8      | Noticed a fire crab
  5089 | D:8      | a raiju changed into a fire crab
  5752 | D:5      | Killed Prince Ribbit the ogre
  6131 | D:10     | Entered Level 10 of the Dungeon
  6131 | D:10     | Found a shadowy altar of Dithmenos.
  6151 | D:10     | Noticed an unseen horror
  6157 | D:10     | Killed an unseen horror
  6157 | D:10     | Reached skill level 10 in Axes
  6269 | D:10     | Found Xemyph's Distillery.
  6313 | D:10     | Found Doroh's Weapon Shoppe.
  6528 | D:10     | Found Qobovyump's Antique Armour Boutique.
  6528 | D:10     | Noticed a two-headed ogre
  6535 | D:10     | Slain by a two-headed ogre

Vault maps used:
D:1:      nagdon_arrival_double_spiral, minmay_fountain_box,
          minmay_strange_pillars
D:2:      overflow_temple_1_default, kennysheep_slug_shrine,
          chequers_temple_overflow_statue_of_worship, first_ration,
          minmay_lizard_pond
D:3:      minivault_14
D:4:      minmay_temple_entry_oklob, serial_glass, glass_columns_b,
          glass_columns_a
D:5:      basic_altar, uniq_crazy_yiuf_cottage, uniq_menkaure,
          uniq_prince_ribbit1, uniq_duvessa
D:6:      lemuel_crystal_altar, lemuel_zombie_altar_yredelemnul, fedhas_altar_1
D:7:      hangedman_cross_stitches, nicolae_overflow_hidden_temple,
          grunt_livestock, elyvilon_altar_5
D:8:      lemuel_doored_altar, tso_oasis_becter, serial_shops, shop,
          nicolae_ossuary_entry_monument, minivault_26
D:9:      grunt_qazlal_sundering, serial_shops, kennysheep_little_box
D:10:     serial_shops, nicolae_shop_trees, kennysheep_mini, shop,
          nicolae_dithmenos_shadow_blocks
D:11:     david_lair_generic

Skill      XL: |  1  2  3  4  5  6  7  8  9 10 |
---------------+-------------------------------+-----
Short Blades   | 2 |  2.3
Axes           | 1 2 3 4 5 7 9 10 | 10.6
Invocations    | 1 2 3 |  3.0
Fighting       | 1 2 3 4 6 |  6.0
Dodging        | 3 4 5 7 |  7.9
Spellcasting   | 3 4 |  4.6
Stealth        | |  4.0
Hexes          | |  3.0

Action                   |  1- 3 |  4- 6 |  7- 9 | 10-12 || total
-------------------------+-------+-------+-------+-------++-------
Melee: Dagger            |    27 |       |       |       ||    27
       Constrict         |    17 |    16 |    31 |    20 ||    84
       Tentacles         |     7 |    15 |    37 |    31 ||    90
       Short sword       |    49 |    15 |       |       ||    64
       Hand axe          |       |    53 |   196 |   102 ||   351
       Unarmed           |       |       |     1 |       ||     1
 Cast: Corona            |    11 |     8 |    45 |    17 ||    81
       Ensorcelled Hiber |     5 |       |       |       ||     5
       Confuse           |       |     1 |     2 |       ||     3
Invok: Bend Time         |       |       |     1 |     1 ||     2
       Slouch            |       |       |     3 |     1 ||     4
       Temporal Distorti |       |       |       |     2 ||     2
Evoke: Wand              |       |       |     7 |     3 ||    10
  Use: Scroll            |     2 |     5 |     7 |     2 ||    16
       Potion            |       |     9 |     4 |     2 ||    15
 Stab: Sleeping          |    10 |     7 |     5 |     3 ||    25
       Distracted        |       |       |     1 |       ||     1
  Eat: Chunk             |     1 |     1 |     2 |     3 ||     7
       Ration            |       |       |     1 |       ||     1
Armor: Skin              |     4 |     4 |    53 |    10 ||    71
Dodge: Dodged            |    43 |    55 |   122 |    79 ||   299

Table legend:
 A = Spawn XP
 B = Non-spawn XP
 C = Spawn XP percentage of total XP
 D = Spawn monster count
 E = Non-spawn monster count
 F = Spawn count percentage of total count
 G = Total turns spent on level
                    A         B        C        D         E        F      G
               +---------+---------+-------+---------+---------+-------+---------
         Total |       0 |    8119 |   0.0 |       0 |     195 |   0.0 |  6535
               +---------+---------+-------+---------+---------+-------+---------
           D:1 |       0 |      11 |   0.0 |       0 |       7 |   0.0 |   503
           D:2 |       0 |      49 |   0.0 |       0 |      29 |   0.0 |   600
           D:3 |       0 |      47 |   0.0 |       0 |      13 |   0.0 |   561
           D:4 |       0 |     117 |   0.0 |       0 |      11 |   0.0 |   822
           D:5 |       0 |     989 |   0.0 |       0 |      30 |   0.0 |   882
           D:6 |       0 |     687 |   0.0 |       0 |      19 |   0.0 |   918
           D:7 |       0 |    1784 |   0.0 |       0 |      32 |   0.0 |  1129
           D:8 |       0 |    1949 |   0.0 |       0 |      26 |   0.0 |   617
           D:9 |       0 |     306 |   0.0 |       0 |       5 |   0.0 |    99
          D:10 |       0 |    2180 |   0.0 |       0 |      23 |   0.0 |   390
               +---------+---------+-------+---------+---------+-------+---------
